 Dungeon Crawl Stone Soup version 0.31.0-9-g3a7656b989 (webtiles) character file.

Game seed: 11389589155291346913

39 qw the Shooter (level 3, 0/18 HPs)
             Began as a Spriggan Hunter on Feb 2, 2024.
             Slain by a hobgoblin (3 damage)
             ... led by Robin
             ... on level 2 of the Dungeon.
             The game lasted 00:00:17 (861 turns).

qw the Shooter (Spriggan Hunter)                     Turns: 861, Time: 00:00:17

Health: 0/18       AC:  2    Str:  7    XL:     3   Next: 28%
Magic:  4/4        EV: 19    Int: 10    God:
Gold:   27         SH:  0    Dex: 20    Spells: 2/2 levels left

rFire   . . .        a - +0 shortbow
rCold   . . .        (shield currently unavailable)
rNeg    . . .        c - +0 robe
rPois   .            (helmet restricted)
rElec   .            (no cloak)
rCorr   .            (gloves unavailable)
SInv    +            (boots unavailable)
Will    .....        (no amulet)
Stlth   ++           (no ring)
HPRegen 0.23/turn    (no ring)
MPRegen 0.09/turn

%: no passive effects
@: very quick
A: very small, no large weapons, unfitting armour, see invisible, speed 3
a: no special abilities


You were on level 2 of the Dungeon.
You visited 1 branch of the dungeon, and saw 2 of its levels.

You collected 27 gold pieces.


Innate Abilities, Weirdness & Mutations

You are very small and have problems with some larger weapons.
You are too small for most types of armour.
You have supernaturally acute eyesight. (SInv)
You cover ground extremely quickly. (Speed+++)


   Skills:
 - Level 1.5 Fighting
 + Level 4.6 Ranged Weapons
 - Level 4.0 Dodging
 - Level 1.5 Stealth


You had 2 spell levels left.
You didn't know any spells.
Your spell library was empty.

Inventory:

Hand Weapons
 a - a +0 shortbow (weapon)
Armour
 c - a +0 robe (worn)
Potions
 e - a potion of haste
 f - a potion of mutation {unknown}
 i - a potion of might {unknown}

Dungeon Overview and Level Annotations

Branches:
Dungeon (2/15)

Altars:

Annotations:
D:2 Robin


Message History

The goblin is moderately wounded.
The hobgoblin hits the bush but does no damage.
The goblin hits the bush but does no damage.
The goblin hits you but does no damage.
You shoot an arrow. The arrow closely misses the goblin.
The arrow barely misses the goblin.
The goblin misses you.
A goblin comes into view. It is wielding a +0 club.
You shoot an arrow. The goblin shouts!
The arrow hits the goblin.
The goblin is heavily wounded.
You hear a shout! x2
The hobgoblin hits the bush but does no damage.
The goblin closely misses you. Robin closely misses you.
The goblin hits the bush with a +0 club.
You shoot an arrow. The arrow barely misses the goblin.
The arrow closely misses the goblin.
The arrow hits the goblin.
The goblin is severely wounded.
The goblin completely misses you. Robin misses you.
A hobgoblin comes into view.
You shoot an arrow. The arrow hits the goblin.
You kill the goblin!
Robin hits you with a +2 short sword of protection.
The goblin completely misses you. Robin misses you. The goblin misses you.
You shoot an arrow. The arrow hits the goblin.
You kill the goblin!
The hobgoblin no longer looks unusually strong.
The goblin barely misses you.
Something hits the bush but does no damage.
A hobgoblin comes into view.
Robin completely misses you.
You shoot an arrow.
The arrow hits Robin but does no damage.
The goblin no longer looks unusually strong.
The hobgoblin misses you. The goblin misses you. Robin barely misses you.
You shoot an arrow.
The arrow hits Robin but does no damage.
The hobgoblin hits you.
You die...

777.77 77PP.PP77 .. .
7PP...PP7 ..#
#.77P.....P77###+# .)P
......}......##.#+#gP7
7P.....P77.##....PP7
7PP...PP77..'..g...7
##77PP.PP77####ggg..P77
#.7777.777 #@g).....
#.:.77.77 #..)..#####
#.......# #.......#
##.......# #.).....#
#<.......# #.##....#
##.......# #. #....#
#.......# # +.....
##.......# #...#.#
.........#


You could see Robin, 3 hobgoblins and 2 goblins.

Vanquished Creatures
  A dart slug (D:1)
  3 endoplasms (D:1)
  2 giant cockroaches (D:1)
  8 goblins
  4 hobgoblins
  2 ball pythons (D:1)
  2 bats (D:1)
  A frilled lizard (D:1)
  5 kobolds
  5 rats (D:1)
33 creatures vanquished.

Notes
Turn   | Place    | Note
-------+----------+-------------------------------------------
     0 | D:1      | qw the Spriggan Hunter began the quest for the Orb.
     0 | D:1      | Reached XP level 1. HP: 10/10 MP: 2/2
     0 | D:1      | 0 ||| qw: Version: 0.3-a-155-g5e7d8dd
     0 | D:1      | 0 ||| qw: Game counter: 2880
     0 | D:1      | 0 ||| qw: Melee chars always use a shield: true
     0 | D:1      | 0 ||| qw: God list: Okawaru
     0 | D:1      | 0 ||| qw: Allow faded altars: false
     0 | D:1      | 0 ||| qw: Do Orc after clearing Dungeon:15 true
     0 | D:1      | 0 ||| qw: Do second Lair branch before Depths: true
     0 | D:1      | 0 ||| qw: Lair rune preference: random
     0 | D:1      | 0 ||| qw: Goals: Normal
     0 | D:1      | 0 ||| PLANNING D:1-11
    11 | D:1      | Reached skill level 3 in Dodging
   113 | D:1      | Reached XP level 2. HP: 14/14 MP: 3/3
   641 | D:1      | Reached XP level 3. HP: 18/18 MP: 4/4
   760 | D:1      | 760 ||| READING scroll labelled ITUPIJ KAE.
   765 | D:1      | 765 ||| READING 2 scrolls labelled ARCHIK YKURPH.
   766 | D:1      | 766 ||| READING scroll labelled SEWNYL RATITU.
   766 | D:1      | 766 ||| ENCHANTING +0 shortbow.
   767 | D:1      | 767 ||| DRINKING 2 metallic pink potions.
   768 | D:1      | 768 ||| DROPPING scroll of butterflies.
   769 | D:1      | 769 ||| DROPPING scroll of immolation.
   844 | D:2      | Noticed Robin
   858 | D:2      | HP: 2/18 [Robin/+2 short sword of protection (6)]
   861 | D:2      | Slain by a hobgoblin

Levels and vault maps discovered:
D:1:      dpeg_arrival_houses_and_road, layout_basic, serial_bayou,
          serial_bayou_lake_a, serial_bayou_pond_e, serial_bayou_lagoon_b,
          serial_bayou_pond_e, minivault_23
D:2:      layout_basic, serial_forest, infiniplex_forest_clump_small,
          infiniplex_forest_lined_room_2, infiniplex_forest_zigzag_2,
          infiniplex_forest_end_2, infiniplex_forest_fountain,
          infiniplex_forest_clump_small, uniq_jessica, uniq_robin

Skill      XL: |  1  2 |
---------------+-------+-----
Dodging        | 3 4 |  4.0
Fighting       | |  1.5
Ranged Weapons | |  4.6
Stealth        | |  1.5

Action                     || total
---------------------------++-------
   Fire: Shortbow          ||    83
    Use: Scroll            ||     3
         Potion            ||     1
 Armour: Robe              ||    11
  Dodge: Dodged            ||    29

Table legend:
 A = Non-vault XP
 B = Vault XP
 C = Vault XP percentage of total XP
 D = Non-vault monster count
 E = Vault monster count
 F = Vault count percentage of total count
                 A         B        C        D         E       F
            +---------+---------+-------+---------+---------+-------
      Total |      45 |      12 |  21.1 |      27 |       6 |  18.2
            +---------+---------+-------+---------+---------+-------
        D:1 |      44 |       0 |   0.0 |      26 |       0 |   0.0
        D:2 |       1 |      12 |  92.3 |       1 |       6 |  85.7
            +---------+---------+-------+---------+---------+-------
